Dggghhh, lawful male human Samurai --------- |.....%.| ----- |....%%.| ----- ...| |...%%..| |... ---------%.-- ------- |.%.%.%.| ------ --..--------- |.......|...-- --)...... | |......%| | ......-- --...|.......| |....%..|.)..---......... |. ----%---- .| ........---.)..|.......| |...$..%-)...)).......... |......%......| ..........&%@@%%-...@@..| |...%...|....---...%..).. ---...%)....--- ..%..)...---..).|.......| |.......|...-- --..%%.%.- -----%----- -..)%%%.-- --...|.......| ---------..-- ----%---- -...%...-- ----|---- --..--------- ...| |.%?------- ....)...%--------.).| |... ----- |..%.%%...| ...%......|.........| ----- -------%.`--.....%...--...------- |.```--.%....%--.[..| ---``.----_----...--- |...............| ----------------- Dggghhh the Kuge Experience level: 27 Strength: 18/57 Dexterity: 21 Constitution: 18 Intelligence: 14 Wisdom: 17 Charisma: 9 Health: 271(271) Energy: 141(141) AC: -21 Gold: 2 Moves: 29107 Your Inventory: Coins $ - 2 gold pieces Amulets R - an uncursed amulet of reflection (being worn) Weapons d - an [uncursed +8] long sword named Frost Brand [Frost Brand] z - the blessed rustproof +6 Excalibur (weapon in hand) Z - a blessed rustproof +6 katana of frost (wielded in other hand) Armor F - an uncursed fireproof +3 pair of speed boots (being worn) H - a blessed fireproof +3 pair of gauntlets of dexterity (being worn) K - an uncursed fireproof +5 cloak of displacement (being worn) P - a blessed fireproof +4 Hawaiian shirt (being worn) S - a blessed +3 magic dragon scale mail (being worn) T - a blessed rustproof +4 helm of brilliance (being worn) Comestibles J - 2 cursed lizard corpses Y - 7 uncursed K-rations Spellbooks u - the uncursed Book of the Dead Potions X - 4 blessed potions of full healing Rings j - an uncursed ring of levitation o - an uncursed ring of fire resistance B - a blessed +1 ring of increase damage C - a blessed ring of conflict Q - a blessed ring of teleport control Wands a - an uncursed wand of cancellation (0:1) b - a cursed wand of cancellation [0:7] k - an [uncursed] wand of death [0:3] Tools e - 11 uncursed partly used [tallow] candles f - a blessed +0 unicorn horn h - a blessed bag of holding t - a blessed towel x - the uncursed Bell of Opening (0:2) E - a cursed skeleton key O - the uncursed Candelabrum of Invocation (no candles attached) (0:0) Gems l - an [uncursed] jacinth stone v - a blessed luckstone w - 3 [uncursed] black gems [jet] y - 4 [uncursed] rubies Contents of the bag of holding: 46382 gold pieces a cursed amulet of change a cursed amulet of change a blessed amulet of life saving a cursed amulet of strangulation an uncursed amulet versus poison the blessed +0 Tsurugi of Muramasa 17 uncursed K-rations 2 uncursed lizard corpses 14 uncursed lumps of royal jelly a blessed scroll called earth [of earth] 2 [blessed] scrolls of create monster 4 [uncursed] scrolls of create monster 3 uncursed scrolls of teleportation 5 cursed scrolls of teleportation 25 blessed unlabeled scrolls [of blank paper] a cursed potion called water [of unholy water] an [uncursed] potion called water [of water] an uncursed ring of polymorph an [uncursed] wand of create monster [0:11] an uncursed wand of death (0:0) an [uncursed] wand of death (0:0) an uncursed wand of digging [0:6] an uncursed wand of digging [0:6] an uncursed wand of digging [0:4] an uncursed wand of digging [0:0] an uncursed wand of digging [0:6] an uncursed wand of digging [0:6] an uncursed wand of opening (2:6) a cursed wand of secret door detection (0:8) an uncursed wand of secret door detection [0:11] an uncursed wand of secret door detection [0:11] an uncursed wand of striking [0:6] an uncursed wand of striking [0:4] 2 uncursed agate stones 7 uncursed amber stones 6 uncursed amethyst stones 3 [uncursed] black gems [jet] 4 uncursed black opals 3 uncursed chrysoberyl stones 4 uncursed citrine stones an uncursed diamond 2 uncursed diamonds named The Tears of Koth 2 uncursed dilithium crystals 3 uncursed emeralds an uncursed emerald named The Eye of Hera 3 uncursed fluorite stones 7 uncursed garnet stones 6 uncursed jacinth stones 3 uncursed jasper stones 7 uncursed opals 3 uncursed rubies an uncursed ruby named The Heart of Casanova 2 uncursed sapphires 5 uncursed topaz stones Spells known in the end: Name Level Category Fail Memory a - magic missile 2* attack 46% [........] b - detect monsters 1 divination 46% [||||....] c - sleep 1 enchantment 46% [|||||...] d - restore ability 4 healing 100% [|||||...] e - confuse monster 2 enchantment 46% [|||||...] f - haste self 3 escape 52% [|||||...] g - cure blindness 2 healing 46% [|||||...] h - magic mapping 5 divination 100% [|||||...] i - healing 1 healing 46% [||||||..] j - slow monster 2 enchantment 46% [||||||..] k - detect unseen 3 divination 52% [|||||||.] Your skills at the end: Fighting Skills martial arts [Basic / Master] two weapon combat [Expert / Expert] Weapon Skills short sword [Basic / Expert] long sword [Expert / Expert] bow [Basic / Expert] Spellcasting Skills Final Attributes: You were piously aligned. Hunger level was 405. Your alignment was 155 / 155. Monster difficulty range was 17 - 57. Level difficulty was 68. You resisted fire. You resisted cold. You resisted sleep. You resisted electricity. You resisted poison. You were immune to level-drain. You were magic-protected. You saw invisible. You were telepathic. You had automatic searching. You were invisible to others. You were displaced. You were stealthy. You could teleport. You were very fast. You had reflection. You were wielding two weapons at once. You were extremely lucky (13). You had extra luck. Good luck did not time out for you. You survived. Vanquished creatures: Cthulhu Asmodeus Baalzebub Dispater Geryon Orcus Yeenoghu Juiblex The Wizard of Yendor (thrice) Death Pestilence Famine Vlad the Impaler 5 arch-liches a high priest 5 mastodons Medusa Croesus a kraken 8 iron golems 4 master liches 8 storm giants a titan 2 glass golems 7 balrogs 4 purple worms 6 amphiteres 8 sarkanies 7 drakens 6 sirrushes 8 leviathans 4 guivres 4 lindworms 6 gold dragons 6 tatzelworms 5 wyverns 3 minotaurs 8 jabberwocks Ashikaga Takauji 9 baluchitheria 17 Angels 12 demiliches 4 stone golems 3 master mind flayers 21 Olog-hai 3 Nazgul 16 pit fiends 10 hell hounds 2 titanotheres 2 trappers a baby wyvern 5 disenchanters 54 vampire lords 4 skeletons 23 aligned priests 5 captains 8 shades 7 liches 2 clay golems 11 nurses 10 ice devils 10 nalfeshnees Aphrodite 3 lurkers above an Aleax a frost giant 3 ettins a golden naga 4 black puddings 59 vampires 9 lieutenants 36 ghosts a rogue 13 samurai a valkyrie a wizard 2 queen bees 7 locusts 4 winged gargoyles 8 mind flayers 8 giant mimics 7 zruties 6 fire giants 10 ogre kings 15 rock trolls 6 umber hulks 3 flesh golems 9 Elvenkings 3 doppelgangers 11 hezrous 8 bone devils 4 large mimics 3 wumpuses 2 fire vortices 2 baby long worms 3 long worms a couatl 39 stalkers 3 air elementals 3 fire elementals 2 earth elementals 5 water elementals 10 hill giants 4 giant mummies 4 xorns 31 giant zombies 7 elf-lords 26 sergeants 16 barbed devils 16 vrocks 7 wargs 2 winter wolves 4 hell hound pups 10 small mimics 3 glass piercers 3 warhorses 4 steam vortices 13 xans 2 ettin mummies 5 ogre lords 11 quantum mechanics 28 trolls 2 wood golems 2 erinyes 5 mariliths a shark an electric eel 4 giant turtles 4 gelatinous cubes 3 pyrolisks a large dog 3 freezing spheres 9 flaming spheres 4 shocking spheres 6 large cats a tiger 3 gargoyles 5 tengu 12 ochre jellies 8 leocrottas an energy vortex 5 mountain centaurs 3 stone giants an elf mummy a human mummy 3 red nagas 9 green slimes 6 pit vipers 3 pythons 4 cobras 87 wraiths 3 carnivorous apes 29 ettin zombies 3 leather golems 10 Grey-elves 120 soldiers 32 horned devils 12 succubi 10 incubi 4 chameleons 16 giant beetles 6 quivering blobs 27 cockatrices 69 wolves 18 winter wolf cubs 4 lynxes a panther 3 gremlins 2 spotted jellies 3 leprechauns 4 orc-captains 5 iron piercers 4 mumakil 11 giant spiders 7 scorpions a horse 4 black lights 6 vampire bats 2 forest centaurs 8 gnome kings 4 orc mummies 2 dwarf mummies an ogre 4 brown puddings 8 rust monsters 9 owlbears 7 yetis 4 werewolves 10 Green-elves 2 piranhas 10 giant eels 8 lizards 19 ninja 4 chickatrices 5 dogs a dingo a housecat 4 jaguars 2 blue jellies 2 gray unicorns a black unicorn 5 dust vortices 18 ravens a plains centaur 3 gnome mummies 2 snakes 11 apes 45 human zombies 12 Woodland-elves 13 soldier ants 15 fire ants 14 snow ants 30 bugbears 5 imps 96 lemures 16 quasits 5 wood nymphs 14 water nymphs 8 mountain nymphs 10 Mordor orcs 12 Uruk-hai 2 orc shamans 2 rock piercers an enormous rat 2 rock moles 2 ponies a fog cloud a yellow light a shrieker a violet fungus 32 gnome lords 11 gnomish wizards 2 kobold mummies a black naga hatchling 4 gray oozes 2 barrow wights 33 elf zombies 21 ghouls a straw golem a paper golem 2 jellyfish 2 baby crocodiles 19 giant ants 4 little dogs 9 floating eyes 4 kittens 7 dwarves 10 homunculi a kobold lord 3 kobold shamans 20 hill orcs 6 rothes 2 centipedes 2 giant bats 5 monkeys 19 orc zombies 27 dwarf zombies 2 wererats 2 werejackals 3 muggers 6 iguanas 102 killer bees 2 acid blobs 3 coyotes 2 gas spores 3 hobbits 12 manes 4 large kobolds 27 hobgoblins 9 giant rats 9 cave spiders 4 brown molds 4 yellow molds 4 green molds 2 red molds 105 gnomes 14 garter snakes 25 gnome zombies 6 geckos 8 jackals 2 foxes 3 kobolds 6 goblins 3 sewer rats 18 grid bugs a bat 3 lichens 30 kobold zombies 8 newts 2647 creatures vanquished. Genocided or extinct species: soldiers (extinct) erinyes (extinct) 2 species extinct. Voluntary challenges: You used a wielded weapon 3671 times. You read items or engraved 132 times. You put on armor 107 times. You never genocided any monsters. You polymorphed 200 items. You changed form 2 times. You used 3 wishes. You used 3 wishes for magical items. You did not wish for any artifacts. You abstained from Elbereth's help. You never encountered a bones level. You used 1 Sokoban shortcut. Dungeon overview: The Dungeons of Doom: levels 1 to 27 Level 1 an altar stairs to The Elemental Planes Level 2 a scroll shop, an altar Level 3 many fountains Level 4 an armor shop stairs to The Gnomish Mines Level 5 some fountains Level 6 (white uni) stairs to Sokoban Level 7 stairs to Town Level 8 an altar, a sink Level 10 an altar to Amaterasu Omikami Level 12 portal to The Quest Level 13 portal to Fort Ludios Level 14 an altar to Amaterasu Omikami Level 18 a sink, many trees Level 19 (dilapidated armoury) Level 20 (CLEANSED) an altar Level 21 a fountain Level 22 portal to One-eyed Sam's Market Level 23 some fountains Level 24 some fountains, many trees Level 27 a magic chest Gehennom: levels 28 to 53 Level 28 a temple, a magic chest stairs to The Dungeons of Doom Level 31 many fountains Level 34 a fountain Level 36 stairs to Vlad's Tower Level 40 a lighting shop, some altars, a magic chest, a fountain Level 42 (nasties near upstair) Level 44 many trees Level 47 portal to Gehennom Level 48 portal to Gehennom Level 49 a magic chest Level 50 (watch out for sea monsters) Level 53 a temple The Gnomish Mines: levels 5 to 13 Level 5 stairs to The Dungeons of Doom Level 7 some shops, a temple, a magic chest, some fountains, a sink Level 9 (amphither) The Quest: levels 1 to 5 Level 1 a magic chest portal to The Dungeons of Doom Sokoban: levels 3 to 5 Level 5 a magic chest stairs to The Dungeons of Doom Town: levels 4 to 6 Level 4 many shops, some fountains, a sink Level 5 many fountains, many trees Level 6 stairs to The Dungeons of Doom Fort Ludios: Level 1 a magic chest portal to The Dungeons of Doom One-eyed Sam's Market: Level 1 portal to The Dungeons of Doom Vlad's Tower: levels 32 to 35 Level 32 a throne Level 35 many trees stairs to Gehennom The Elemental Planes: Astral Plane <- You were here some temples Plane of Air portal to The Elemental Planes Plane of Water portal to The Elemental Planes Plane of Earth portal to The Elemental Planes Plane of Fire portal to The Elemental Planes History has recorded: On T:1 you entered the Dungeons of Doom to retrieve the Amulet of Yendor! On T:423 you reached level 2 of The Dungeons of Doom. On T:622 you advanced to experience level 2. On T:809 you reached level 3 of The Dungeons of Doom. On T:861 you advanced to experience level 3. On T:893 you advanced to experience level 4. On T:1027 you reached level 4 of The Dungeons of Doom. On T:1036 you advanced to experience level 5. On T:1542 you advanced to experience level 6. On T:1718 you reached level 1 of The Gnomish Mines. On T:1831 you reached level 2 of The Gnomish Mines. On T:1851 you advanced to experience level 7. On T:2252 you reached level 3 of The Gnomish Mines. On T:2436 you advanced to experience level 8. On T:2661 you reached level 4 of The Gnomish Mines. On T:2805 you reached level 6 of The Gnomish Mines. On T:3060 you reached level 7 of The Gnomish Mines. On T:3087 you advanced to experience level 9. On T:3308 you reached level 8 of The Gnomish Mines. On T:3555 you reached level 9 of The Gnomish Mines. On T:4244 you advanced to experience level 10. On T:4757 you reached level 5 of The Gnomish Mines. On T:5488 you reached level 5 of The Dungeons of Doom. On T:5655 you reached level 6 of The Dungeons of Doom. On T:5671 you reached level 3 of Sokoban. On T:6024 you reached level 2 of Sokoban. On T:6267 you reached level 1 of Sokoban. On T:8034 you reached level 7 of The Dungeons of Doom. On T:8174 you reached level 8 of The Dungeons of Doom. On T:8183 you reached level 3 of Town. On T:8442 you reached level 9 of The Dungeons of Doom. On T:8501 you advanced to experience level 11. On T:8826 you reached level 10 of The Dungeons of Doom. On T:9086 you received a rustproof katana of warning from Amaterasu Omikami. On T:9175 you reached level 11 of The Dungeons of Doom. On T:9488 you reached level 12 of The Dungeons of Doom. On T:9519 you reached level 13 of The Dungeons of Doom. On T:9655 you advanced to experience level 12. On T:9868 you reached Fort Knox. On T:11117 you killed Croesus in Fort Knox. On T:11117 you advanced to experience level 13. On T:11571 you reached level 1 of The Quest. On T:12799 you reached level 2 of Town. On T:12977 you killed Aphrodite on level 2 of Town. On T:13006 you reached level 1 of Town. On T:13556 you reached level 14 of The Dungeons of Doom. On T:13577 you reached level 15 of The Dungeons of Doom. On T:14198 you reached level 16 of The Dungeons of Doom. On T:14517 you reached level 17 of The Dungeons of Doom. On T:14597 you advanced to experience level 14. On T:14690 you reached level 18 of The Dungeons of Doom. On T:14866 you reached level 19 of The Dungeons of Doom. On T:15018 you reached level 20 of The Dungeons of Doom. On T:15020 you advanced to experience level 15. On T:15049 you reached level 22 of The Dungeons of Doom. On T:15211 you reached level 1 of One-eyed Sam's Market. On T:15524 you reached level 21 of The Dungeons of Doom. On T:16160 you reached level 23 of The Dungeons of Doom. On T:16704 you reached level 24 of The Dungeons of Doom. On T:16847 you reached level 25 of The Dungeons of Doom. On T:16847 you killed Medusa on level 25 of The Dungeons of Doom. On T:17109 you reached level 26 of The Dungeons of Doom. On T:17324 you reached The Castle. On T:17500 you advanced to experience level 16. On T:17823 you wished for "+3 blessed fixed gauntlets of dexterity of displacement". On T:17876 you wished for "magic marker". On T:18004 you wished for "+3 blessed fixed katana of frost". On T:18590 you embarked upon an epic quest. On T:18599 you reached level 2 of The Quest. On T:18730 you reached level 3 of The Quest. On T:18906 you reached level 4 of The Quest. On T:18994 you reached level 5 of The Quest. On T:19121 you killed Ashikaga Takauji on level 5 of The Quest. On T:19606 you completed the quest! On T:20150 you reached The Valley of the Dead. On T:20253 you advanced to experience level 17. On T:20278 you advanced to experience level 18. On T:20452 you advanced to experience level 19. On T:20512 you advanced to experience level 20. On T:20636 you reached level 2 of Gehennom. On T:20853 you reached level 3 of Gehennom. On T:21174 you reached level 4 of Gehennom. On T:21558 you killed Asmodeus on level 4 of Gehennom. On T:21645 you advanced to experience level 21. On T:21748 you reached level 5 of Gehennom. On T:21930 you reached level 6 of Gehennom. On T:22195 you reached level 7 of Gehennom. On T:22208 you killed Juiblex on level 7 of Gehennom. On T:22327 you reached level 8 of Gehennom. On T:22424 you reached level 9 of Gehennom. On T:22577 you reached level 4 of Vlad's Tower. On T:22752 you reached level 3 of Vlad's Tower. On T:22892 you reached level 2 of Vlad's Tower. On T:22989 you reached level 1 of Vlad's Tower. On T:23196 you killed Vlad the Impaler on level 1 of Vlad's Tower. On T:23561 you reached level 10 of Gehennom. On T:23733 you reached level 11 of Gehennom. On T:23985 you reached level 12 of Gehennom. On T:24046 you reached level 13 of Gehennom. On T:24383 you killed Orcus on level 13 of Gehennom. On T:24501 you reached level 14 of Gehennom. On T:24502 you advanced to experience level 22. On T:24658 you reached level 15 of Gehennom. On T:24667 you killed Yeenoghu on level 15 of Gehennom. On T:24678 you advanced to experience level 23. On T:24902 you reached level 16 of Gehennom. On T:24967 you killed Dispater on level 14 of Gehennom. On T:25217 you advanced to experience level 24. On T:25276 you reached level 17 of Gehennom. On T:25294 you killed Geryon on level 17 of Gehennom. On T:25336 you reached level 18 of Gehennom. On T:25474 you reached level 19 of Gehennom. On T:25520 you reached level 20 of Gehennom. On T:25543 you reached level 21 of Gehennom. On T:25622 you reached level 22 of Gehennom. On T:25643 you advanced to experience level 25. On T:25676 you reached level 23 of Gehennom. On T:25856 you reached level 24 of Gehennom. On T:25988 you reached level 25 of Gehennom. On T:26196 you advanced to experience level 26. On T:26521 you killed Wizard of Yendor on level 18 of Gehennom. On T:26549 you performed the invocation. On T:26552 you reached level 26 of Gehennom. On T:26622 you advanced to experience level 27. On T:26989 you killed Cthulhu on level 26 of Gehennom. On T:26990 you gained the Amulet of Yendor! On T:27641 you killed Baalzebub on level 9 of Gehennom. On T:28689 you reached the Plane of Fire. On T:28700 you killed Wizard of Yendor on the Plane of Fire. On T:28703 you killed Wizard of Yendor on the Plane of Fire. On T:28720 you reached the Astral Plane. On T:28824 you reached the Plane of Water. On T:28904 you reached the Plane of Air. On T:28915 you reached the Astral Plane. On T:28940 you killed Death on the Astral Plane. On T:29040 you killed Famine on the Astral Plane. On T:29107 you lost the Amulet of Yendor. On T:29107 you offered the Amulet of Yendor to Amaterasu Omikami and ascended to the status of Demigod! Latest messages: An invisible human samurai called Dggghhh on an aligned altar. Pick an object. Done. Pick an object. An invisible human samurai called Dggghhh on an aligned altar. Pick an object. An invisible human samurai called Dggghhh on an aligned altar. Pick an object. An invisible human samurai called Dggghhh on an aligned altar. There is an altar to Amaterasu Omikami (lawful) here. You offer the Amulet of Yendor to Amaterasu Omikami... An invisible choir sings, and you are bathed in radiance... The voice of Amaterasu Omikami rings out: "Congratulations, mortal!" "In return for thy service, I grant thee the gift of Immortality!" You ascend to the status of Demigod... Final status: Sayonara Dggghhh the Demigod... You went to your reward with 637668 points, Frost Brand (worth 3000 zorkmids and 7500 points) The Tsurugi of Muramasa (worth 4500 zorkmids and 11250 points) The Book of the Dead (worth 10000 zorkmids and 25000 points) The Bell of Opening (worth 5000 zorkmids and 12500 points) Excalibur (worth 4000 zorkmids and 10000 points) The Candelabrum of Invocation (worth 5000 zorkmids and 12500 points) 8 rubies (worth 28000 zorkmids), 7 jacinth stones (worth 22750 zorkmids), 7 amber stones (worth 7000 zorkmids), 7 opals (worth 5600 zorkmids), 7 garnet stones (worth 4900 zorkmids), 6 jet stones (worth 5100 zorkmids), 6 amethyst stones (worth 3600 zorkmids), 5 topaz stones (worth 4500 zorkmids), 4 black opals (worth 10000 zorkmids), 4 emeralds (worth 10000 zorkmids), 4 citrine stones (worth 6000 zorkmids), 3 diamonds (worth 12000 zorkmids), 3 chrysoberyl stones (worth 2100 zorkmids), 3 jasper stones (worth 1500 zorkmids), 3 fluorite stones (worth 1200 zorkmids), 2 dilithium crystals (worth 9000 zorkmids), 2 sapphires (worth 6000 zorkmids), 2 agate stones (worth 400 zorkmids), 2 amulets of change (worth 300 zorkmids), 1 amulet of life saving (worth 150 zorkmids), 1 amulet of strangulation (worth 150 zorkmids), 1 amulet versus poison (worth 150 zorkmids), 1 amulet of reflection (worth 150 zorkmids), and 46384 pieces of gold, after 29107 moves. You were level 27 with a maximum of 271 hit points when you ascended.